 Dungeon Crawl Stone Soup version 0.29-a0-231-g945431f764 (webtiles) character file.

Game seed: 12025302791161221908

268 GabrielManson the Sneak (level 6, -4/42 HPs)
             Began as an Octopode Delver on Feb 28, 2022.
             Was a Believer of Dithmenos.
             Killed by divine providence
             ... invoked by an orc priest
              (11 damage)
             ... on level 4 of the Dungeon on Mar 1, 2022.
             The game lasted 00:21:16 (3611 turns).

GabrielManson the Sneak (Octopode Delver)           Turns: 3611, Time: 00:21:16

Health: -4/42      AC:  1    Str: 12    XL:     6   Next: 21%
Magic:  9/9        EV: 13    Int: 12    God:    Dithmenos [**....]
Gold:   190        SH:  0    Dex: 15    Spells: 3/10 levels left

rFire   . . .      SeeInvis .   o - +2 dagger (venom)
rCold   . . .      Faith    .   (no shield)
rNeg    . . .      Spirit   .   (helmet restricted)
rPois   .          Reflect  .   g - amulet of magic regeneration
rElec   .          Harm     .   (no ring)
rCorr   .          Rampage  .   (no ring)
Will    .....                   (no ring)
Stlth   +++++.....              (no ring)
HPRegen 0.14/turn               (no ring)
MPRegen 0.51/turn               (no ring)
                                (no ring)
                                (no ring)

@: hasted, wreathed by umbra, very quick
A: almost no armour, amphibious, 8 rings, camouflage 1, gelatinous body 1,
(nimble swimmer 1), tentacles
a: Renounce Religion, Shadow Step


You were on level 4 of the Dungeon.
You worshipped Dithmenos.
Dithmenos was pleased with you.
You visited 2 branches of the dungeon, and saw 6 of its levels.

You collected 190 gold pieces.

Inventory:

Hand Weapons
 o - a +2 dagger of venom (weapon)
 q - a +0 dagger
Missiles
 p - 7 poisoned darts
Armour
 s - an orb of energy
Jewellery
 g - an amulet of magic regeneration (around mantle)
Wands
 f - a wand of digging (3)
Scrolls
 b - 2 scrolls of fog
 c - a scroll of magic mapping
 i - a scroll of torment {unknown}
 j - 2 scrolls of identify {unknown}
 k - a scroll of silence {unknown}
 l - 2 scrolls of teleportation {unknown}
 n - a scroll of immolation {unknown}
 t - a scroll of noise {unknown}
Potions
 a - a potion of brilliance {unknown}
 d - a potion of lignification {unknown}
 e - a potion of haste
 h - a potion of curing {unknown}
 m - 5 potions of heal wounds {unknown}
 r - 2 potions of berserk rage {unknown}


   Skills:
 - Level 3.3 Fighting
 - Level 2.5 Short Blades
 - Level 1.3 Throwing
 - Level 2.6 Dodging
 - Level 7.0 Stealth
 + Level 2.5 Spellcasting
 * Level 2.8 Fire Magic
 - Level 1.4 Evocations


You had 3 spell levels left.
You knew the following spells:

 Your Spells              Type           Power      Damage    Failure   Level
a - Foxfire               Conj/Fire      16%        2x1d4     14%         1
b - Conjure Flame         Conj/Fire      4%         6-21      41%         3
c - Inner Flame           Hex/Fire       4%         N/A       41%         3

Your spell library contained the following spells:

 Spells                   Type           Power      Damage    Failure   Level
 Flame Wave               Conj/Fire      4%         2d5       82%         4


Dungeon Overview and Level Annotations

Branches:
Dungeon (5/15)             Temple (1/1) D:5

Altars:
Ashenzari
Cheibriados
Dithmenos
Elyvilon
Fedhas
Gozag
Kikubaaqudgha
Makhleb
Nemelex Xobeh
Okawaru
Qazlal
Trog
Uskayaw
Vehumet
Xom
Yredelemnul
Zin
The Shining One

Annotations:
D:4 Dowan, Duvessa


Innate Abilities, Weirdness & Mutations

You cannot wear most types of armour.
You are amphibious.
You can wear up to eight rings at the same time.
Your skin changes colour to match your surroundings (Stealth+).
Your rubbery body absorbs attacks. (AC +1, EV +1)
((You are camouflaged when in or above water. (Stealth+)))
You have tentacles for arms and can constrict up to eight enemies at once.


Message History

Your Throwing skill increases to level 1!
Your Evocations skill increases to level 1!
You have reached level 6!
You barely miss the endoplasm.
The endoplasm is heavily wounded.
The endoplasm barely misses you.
You hit the endoplasm.
You kill the endoplasm!
Dithmenos accepts your kill.
You can now step into the shadows of nearby creatures.
There is an open door here.
You see here a +0 giant club.
Okay, then.
This spell is quite dangerous to cast!
Memorise Conjure Flame, consuming 3 spell levels and leaving 6?
You start memorising the spell.
You continue memorising. x3
You finish memorising.
Spell assigned to 'b'.
This spell is quite dangerous to cast!
Memorise Inner Flame, consuming 3 spell levels and leaving 3?
You start memorising the spell.
You continue memorising. x3
You finish memorising.
Spell assigned to 'c'.
Okay, then.
An orc comes into view. It is wielding a +0 club.
You close the door, pushing everything out of the way.
You start resting.
Something unseen opens the door.
An orc wizard comes into view. It is wielding a +0 dagger.
An orc priest and an orc come into view.
The orc hits you with a +0 club.
The orc priest moves out of view.
There is an open door here.
You closely miss the orc. You grab the orc.
Your tentacle-slap misses the orc.
You constrict the orc. The orc closely misses you.
You feel yourself speed up.
You constrict the orc.
The orc escapes!
The orc priest shouts!
You hear a shout!
The orc priest calls down the wrath of Beogh upon you.
Beogh smites you!
* * * LOW HITPOINT WARNING * * *
The orc priest mumbles some strange prayers to Beogh against you.
Beogh smites you!
You die...

##..........# ....
#..)##.....# #... #....##
.....####o### ............).#
<.......o.o...#
.....(....o...#
............?.#
#..###.@######+## ##
#..####....###.
.........?.......
#..!...........>..
....#.......#.................
.g..#.......'...........?....e
.g..+...[...#.................
#...#O......#.................
#gg. .!..>..# ...............e


You could see an orc priest, an orc wizard and 2 orcs.

Vanquished Creatures
  A black bear (D:3)
  An ogre (D:4)
  3 adders
  2 worms
  A dart slug (D:3)
  5 orcs
  A bat (D:1)
  8 endoplasms
  5 giant cockroaches
  2 goblins (D:2)
  3 hobgoblins
  4 jackals (D:2)
  7 kobolds
  A quokka (D:1)
  5 ball pythons
  2 frilled lizards
  8 rats
59 creatures vanquished.

Vanquished Creatures (others)
  4 foxfires (D:3)
4 creatures vanquished.

Grand Total: 63 creatures vanquished

Notes
Turn   | Place    | Note
-------+----------+-------------------------------------------
     0 | D:5      | GabrielManson the Octopode Delver began the quest for the
                  | Orb.
     0 | D:5      | Reached XP level 1. HP: 16/16 MP: 1/1
     3 | D:5      | Found a shadowy altar of Dithmenos.
    36 | D:5      | Noticed a centaur
    54 | D:5      | Found a staircase to the Ecumenical Temple.
    67 | Temple   | Entered the Ecumenical Temple
    72 | Temple   | Reached XP level 2. HP: 4/21 MP: 2/2
   603 | D:5      | Became a worshipper of Dithmenos the Shadowed
   720 | D:4      | Noticed Duvessa
   720 | D:4      | Noticed Dowan
   754 | D:4      | Noticed an ogre
   767 | D:3      | Reached XP level 3. HP: 12/26 MP: 3/3
  1286 | D:1      | Reached skill level 7 in Stealth
  1844 | D:2      | Learned a level 1 spell: Foxfire
  1896 | D:2      | Reached * piety under Dithmenos
  2145 | D:2      | Reached skill level 1 in Fire Magic
  2145 | D:2      | Reached XP level 4. HP: 30/31 MP: 3/5
  2221 | D:2      | Reached skill level 1 in Spellcasting
  2971 | D:3      | Noticed a black bear
  2978 | D:3      | Killed a black bear
  2979 | D:3      | Reached XP level 5. HP: 36/36 MP: 5/8
  3104 | D:3      | Found a glowing silver altar of Zin.
  3110 | D:3      | Found an opulent altar of Gozag.
  3550 | D:4      | Killed an ogre
  3551 | D:4      | Reached skill level 1 in Throwing
  3551 | D:4      | Reached skill level 1 in Evocations
  3551 | D:4      | Reached XP level 6. HP: 15/42 MP: 9/9
  3553 | D:4      | Reached ** piety under Dithmenos
  3560 | D:4      | Learned a level 3 spell: Conjure Flame
  3564 | D:4      | Learned a level 3 spell: Inner Flame
  3611 | D:4      | Killed from afar by an orc priest

Illustrated notes

Levels and vault maps discovered:
D:1:      lemuel_arrival_tunnels, layout_basic
D:2:      layout_loops_ring, minmay_misc_feat_chi
D:3:      layout_loops_ring, pdpol_temple_overflow_zin_treasury_gozag_greed
D:4:      layout_gridville, minmay_misc_feat_tiny, uniq_duvessa
D:5:      layout_loops_ring, nicolae_dithmenos_shadow_blocks,
          minmay_temple_entry_mini_moons, minmay_strange_pillars
Temple:   regret_index_temple_generic_petals

Skill      XL: |  1  2  3  4  5 |
---------------+----------------+-----
Stealth        | 7 |  7.0
Fire Magic     | 1 2 |  2.8
Spellcasting   | 2 |  2.5
Throwing       | 1 |  1.3
Evocations     | 1 |  1.4
Fighting       | |  3.3
Short Blades   | |  2.5
Dodging        | |  2.6

Action                   |  1- 3 |  4- 6 || total
-------------------------+-------+-------++-------
Melee: Short sword       |    53 |    11 ||    64
       Tentacles         |    12 |     5 ||    17
       Constrict         |     6 |     6 ||    12
       Punch             |     3 |     3 ||     6
       Dagger            |       |    40 ||    40
 Cast: Foxfire           |       |     3 ||     3
Evoke: Wand              |       |     1 ||     1
  Use: Scroll            |     1 |       ||     1
       Potion            |       |     1 ||     1
 Stab: Sleeping          |    11 |    14 ||    25
Armor: Skin              |     1 |     3 ||     4
Dodge: Dodged            |    25 |    23 ||    48

Table legend: (Time is in decaauts)
 A = Elapsed time spent in this place.
 B = Non-inter-level travel time spent in this place.
 C = Inter-level travel time spent in this place.
 D = Time resting spent in this place.
 E = Time spent auto-exploring this place.
 F = Levels seen in this place.
 G = Mean time per level.
                   A        B        C        D        E       F      G
               +--------+--------+--------+--------+--------+-----+--------+
         Total |   3602 |   3555 |     47 |    652 |   2090 |   6 |  600.3 |
       Dungeon |   3083 |   3036 |     47 |    422 |   1904 |   5 |  616.6 |
        Temple |    519 |    519 |      0 |    230 |    186 |   1 |  519.0 |
               +--------+--------+--------+--------+--------+-----+--------+

Top non-repeatable levels by time:
     D:2: 1014 daAuts
     D:3: 956 daAuts
     D:1: 740 daAuts
  Temple: 519 daAuts
     D:4: 238 daAuts
     D:5: 134 daAuts
